 Dungeon Crawl Stone Soup version 0.21.0-3-g78d12a8 (webtiles) character file.

58 JeffiDaFish the Grasshopper (level 3, 0/18 HPs)
             Began as a Spriggan Warper on Jan 16, 2018.
             Slain by a human (6 damage)
             ... on level 2 of the Dungeon.
             The game lasted 00:06:28 (2569 turns).

JeffiDaFish the Grasshopper (Spriggan Warper)       Turns: 2569, Time: 00:06:29

Health: 0/18       AC:  2    Str:  7    XL:     3   Next: 76%
Magic:  8/8        EV: 20    Int: 14    God:
Gold:   105        SH:  0    Dex: 19    Spells: 5/8 levels left

rFire    . . .     SeeInvis +   a - +0 short sword
rCold    . . .     Gourm    .   (shield restricted)
rNeg     . . .     Faith    .   b - +0 robe
rPois    .         Spirit   .   (helmet restricted)
rElec    .         Reflect  .   (no cloak)
rCorr    .         Harm     .   (gloves unavailable)
MR       .....                  (boots unavailable)
Stlth    ++........             (no amulet)
HPRegen  0.06/turn              g - +3 ring of dexterity
MPRegen  0.11/turn              (no ring)

@: very quick
A: very small, unfitting armour, see invisible, herbivore, speed 3, slow
metabolism 2
a: no special abilities


You were on level 2 of the Dungeon.
You were not hungry.

You visited 1 branch of the dungeon, and saw 2 of its levels.

You collected 105 gold pieces.

Inventory:

Hand Weapons
 a - a +0 short sword (weapon)
Missiles
 e - 5 tomahawks of dispersal (quivered)
Armour
 b - a +0 robe (worn)
Jewellery
 g - a +3 ring of dexterity (left hand)
Wands
 k - a wand of enslavement (9)
Scrolls
 d - a scroll of blinking
 h - 2 scrolls of identify
 i - a scroll of fog
Potions
 l - a potion of heal wounds
Books
 c - a book of Spatial Translocations

   Spells                             Type                      Level
   a - Blink                          Translocation                2
   b - Shroud of Golubria             Charms/Translocation         2
   c - Lesser Beckoning               Translocation                3
   d - Gell's Gravitas                Translocation                3
   e - Teleport Other                 Translocation                3
   f - Passage of Golubria            Translocation                4
 j - a book of Cantrips

   Spells                             Type                      Level
   a - Confusing Touch                Hexes                        1
   b - Animate Skeleton               Necromancy                   1
   c - Summon Small Mammal            Summoning                    1
   d - Apportation                    Translocation                1
Comestibles
 f - 2 rations


   Skills:
 * Level 2.0 Fighting
 * Level 3.2 Short Blades
 - Level 1.0 Throwing
 + Level 4.3 Dodging
 - Level 1.7 Stealth
 - Level 3.0 Spellcasting
 + Level 0.0 Necromancy
 - Level 4.4 Translocations


You had 5 spell levels left.
You knew the following spells:

 Your Spells              Type           Power        Failure   Level  Hunger
a - Blink                 Tloc           N/A          5%          2    ##.....
b - Animate Skeleton      Necr           N/A          22%         1    #......


Dungeon Overview and Level Annotations

Branches:
Dungeon (2/15)

Altars:
Yredelemnul


Innate Abilities, Weirdness & Mutations

You are very small and have problems with some larger weapons.
You are too small for most types of armour.
You have supernaturally acute eyesight. (SInv)
You are a herbivore.
You cover ground extremely quickly.
You need consume almost no food.


Message History

The human refuses to make way for you. (Use ctrl+direction to attack.) Unknown command.
The human refuses to make way for you. (Use ctrl+direction to attack.)
The human refuses to make way for you. (Use ctrl+direction to attack.) No other missiles available.
Use F to throw any item.
The human closely misses you.
You hit the human but do no damage.
The human shouts!
The human hits you!
Ouch! That really hurt!
Casting: Animate Skeleton
Confirm with . or Enter, or press ? or * to list all spells.
You blink.
You see here a ration.
The human misses you.
Okay, then.
You closely miss the human. The human barely misses you.
You hit the human but do no damage. The human hits you.
You barely miss the human. The human hits you.
You die...

###.........
######....)......
#...##..........#
#._.##...#.....##
####...###..###.###
#8.#####.8..###!#
#............%..#
#..p#'#....####..#
#..@#.#....# ....
#...###....# ...
#..........# ..
#..........# #
############


You could see a human.

Vanquished Creatures
  2 adders (D:2)
  An ooze (D:1)
  A dart slug (D:1)
  A leopard gecko (D:2)
  4 bats
  A giant cockroach (D:1)
  4 goblins
  5 hobgoblins
  4 jackals
  2 kobolds (D:1)
  3 frilled lizards
  A rat (D:1)
29 creatures vanquished.

Notes
Turn   | Place    | Note
-------+----------+-------------------------------------------
     0 | D:1      | JeffiDaFish the Spriggan Warper began the quest for the Orb.
     0 | D:1      | Reached XP level 1. HP: 10/10 MP: 5/5
   305 | D:1      | Reached XP level 2. HP: 7/14 MP: 6/6
   497 | D:1      | Learned a level 2 spell: Blink
   553 | D:1      | Reached skill level 1 in Stealth
  1417 | D:1      | Reached XP level 3. HP: 18/18 MP: 8/8
  2362 | D:2      | Learned a level 1 spell: Animate Skeleton
  2449 | D:2      | Found a runed door.
  2449 | D:2      | Noticed a human
  2456 | D:2      | Found a basalt altar of Yredelemnul.
  2569 | D:2      | Slain by a human

Skill      XL: |  1  2  3 |
---------------+----------+-----
Stealth        | 1 |  1.7
Dodging        | 4 |  4.3
Spellcasting   | 3 |  3.0
Short Blades   | 3 |  3.2
Fighting       | 2 |  2.0
Throwing       | |  1.0
Translocations | |  4.4

Action                   || total
-------------------------++-------
Melee: Short sword       ||   169
 Cast: Blink             ||     3
       Animate Skeleton  ||     1
  Use: Scroll            ||     3
       Potion            ||     2
 Stab: Sleeping          ||     3
Armor: Robe              ||    14
Dodge: Dodged            ||   157
